 Dungeon Crawl Stone Soup version 0.27.1-3-gb3d3a73c9e (webtiles) character file.

Game seed: 5484241070018563831

292 MisterFreud the Skirmisher (level 6, -3/57 HPs)
             Began as a Minotaur Abyssal Knight on Oct 11, 2021.
             Was a Believer of Lugonu.
             Slain by Duvessa (11 damage)
             ... on level 4 of the Dungeon.
             The game lasted 00:03:22 (3896 turns).

MisterFreud the Skirmisher (MiAK)                   Turns: 3896, Time: 00:03:23

Health: -3/57      AC:  4    Str: 19    XL:     6   Next: 10%
Magic:  6/6        EV: 11    Int:  9    God:    Lugonu [**....]
Gold:   95         SH:  0    Dex:  9    Spells: 5/5 levels left

rFire    . . .     SeeInvis .   f - +2 whip (elec)
rCold    . . .     Faith    .   (no shield)
rNeg     . . .     Spirit   .   b - +0 leather armour
rPois    .         Reflect  .   (helmet restricted)
rElec    .         Harm     .   h - +0 cloak
rCorr    .         Rampage  .   (no gloves)
Will     .....                  (no boots)
Stlth    +.........             q - amulet of magic regeneration
HPRegen  0.19/turn              (no ring)
MPRegen  0.35/turn              (no ring)

@: invisible
A: horns 2, retaliatory headbutt
a: Renounce Religion, Depart the Abyss, Bend Space


You were on level 4 of the Dungeon.
You worshipped Lugonu.
Lugonu was pleased with you.
You visited 1 branch of the dungeon, and saw 4 of its levels.
You visited the Abyss 1 time.

You collected 95 gold pieces.

Inventory:

Hand Weapons
 a - a +1 falchion
 d - a +0 whip of draining
 f - a +2 whip of electrocution (weapon)
Missiles
 n - a throwing net
Armour
 b - a +0 leather armour (worn)
 h - a +0 cloak (worn)
Jewellery
 q - an amulet of magic regeneration (around neck)
Scrolls
 e - a scroll of torment {unknown}
 g - a scroll of noise {unknown}
 j - a scroll of brand weapon {unknown}
 l - 3 scrolls of identify {unknown}
 m - a scroll of blinking {unknown}
 o - a scroll of teleportation {unknown}
Potions
 c - a potion of heal wounds {unknown}
 i - a potion of invisibility
 k - a potion of curing {unknown}
 p - a potion of magic {unknown}


   Skills:
 - Level 6.0 Fighting
 - Level 2.4 Long Blades
 + Level 5.5 Maces & Flails
 - Level 2.4 Armour
 - Level 1.1 Dodging
 - Level 1.7 Invocations


You had 5 spell levels left.
You didn't know any spells.
Your spell library was empty.

Dungeon Overview and Level Annotations

Branches:
Dungeon (4/15)
 Temple: D:4-7

Altars:

Annotations:
D:4 Duvessa


Innate Abilities, Weirdness & Mutations

You have a pair of horns on your head.
You reflexively headbutt those who attack you in melee.


Message History

a +0 dagger; a +0 robe; the elf corpse of Dowan You see here the ring of the Hare {EV+8}.
Duvessa is nearby!
Duvessa is nearby!
Duvessa shouts!
Duvessa goes berserk!
Duvessa hits you with a +0 short sword!
You hit Duvessa.
Duvessa is lightly wounded.
Duvessa hits you with a +0 short sword!
You hit Duvessa. Your headbutt misses Duvessa.
Duvessa is lightly wounded.
Duvessa hits you with a +0 short sword!
You are too injured to fight recklessly!
You barely miss Duvessa.
Duvessa is lightly wounded.
Duvessa completely misses you. You furiously retaliate!
You headbutt Duvessa, but do no damage. Duvessa misses you.
You are too injured to fight recklessly!
You hit Duvessa but do no damage. You headbutt Duvessa, but do no damage.
Duvessa is lightly wounded.
Duvessa barely misses you. You furiously retaliate!
You headbutt Duvessa. You closely miss Duvessa.
Duvessa is lightly wounded.
Duvessa hits you but does no damage.
You hit Duvessa but do no damage. You headbutt Duvessa, but do no damage.
Duvessa is lightly wounded.
Duvessa hits you with a +0 short sword. Duvessa hits you with a +0 short sword!
* * * LOW HITPOINT WARNING * * *
You hit Duvessa.
Duvessa is lightly wounded.
Duvessa barely misses you. You furiously retaliate!
You headbutt Duvessa!
Okay, then.
Unknown command.
Okay, then.
Unknown command.
It was a potion of invisibility.
You fade into invisibility!
Duvessa hits you with a +0 short sword!
You die...

## ##. #.. .. #.#
#######.######.#
##.....#?.......#
##.....@e.<.......
#....=...........#
#.................
#.................
#................#
#................#.
#..................
##...............#
##.............##


You could see Duvessa (berserk).

Vanquished Creatures
  Dowan (D:4)
  Crazy Yiuf (D:2)
  An orc wizard (D:3)
  A hound skeleton (D:4)
  3 gnolls (D:3)
  5 adders
  5 worms
  3 dart slugs
  8 orcs (D:3)
  9 endoplasms
  3 giant cockroaches
  3 hobgoblins
  6 jackals
  2 quokkas
  4 ball pythons
  9 bats
  3 frilled lizards
  3 goblins
  3 kobolds
  3 rats
76 creatures vanquished.

Notes
Turn   | Place    | Note
-------+----------+-------------------------------------------
     0 | Abyss:1  | MisterFreud the Minotaur Abyssal Knight began the quest for
                  | the Orb.
     0 | Abyss:1  | Reached XP level 1. HP: 19/19 MP: 1/1
     6 | Abyss:1  | Found a corrupted altar of Lugonu.
    10 | Abyss:1  | Found a corrupted altar of Lugonu.
    64 | Abyss:1  | Found a corrupted altar of Lugonu.
    76 | Abyss:1  | Found a hide-covered altar of Uskayaw.
   109 | Abyss:1  | Noticed a shadow dragon zombie
   110 | D:1      | Escaped the Abyss
   418 | D:1      | Reached skill level 4 in Fighting
   429 | D:1      | Reached XP level 2. HP: 15/28 MP: 2/2
  1143 | D:1      | Reached * piety under Lugonu
  1574 | D:2      | Reached skill level 1 in Maces & Flails
  1624 | D:2      | Reached XP level 3. HP: 24/35 MP: 3/3
  1890 | D:2      | Reached skill level 5 in Fighting
  2277 | D:2      | Found a runed translucent door.
  2278 | D:2      | Noticed Crazy Yiuf
  2372 | D:2      | Reached XP level 4. HP: 42/42 MP: 4/4
  2586 | D:2      | Killed Crazy Yiuf
  2749 | D:3      | Reached XP level 5. HP: 45/50 MP: 5/5
  2806 | D:3      | Found a faded altar of an unknown god.
  2858 | D:3      | Reached skill level 6 in Fighting
  2950 | D:3      | Reached ** piety under Lugonu
  3800 | D:4      | Noticed Duvessa
  3800 | D:4      | Found the ring of the Hare {EV+8}
  3801 | D:4      | Noticed Dowan
  3854 | D:4      | Reached skill level 5 in Maces & Flails
  3870 | D:4      | Killed Dowan
  3871 | D:4      | Reached XP level 6. HP: 56/57 MP: 6/6
  3896 | D:4      | Slain by Duvessa

Illustrated notes

Levels and vault maps discovered:
D:1:      onia_arrival_mini_maze_b, layout_basic, serial_corexii_hall,
          corexii_hall_statues_i, chequers_hall_statues_corner_a
D:2:      layout_loops_ring, minmay_misc_feat_pillars, uniq_crazy_yiuf_cottage
D:3:      layout_basic, dreamdust_ecumenical_altar_statues, corner_web_ring,
          minmay_ruptured
D:4:      layout_rooms, kennysheep_cross_room, uniq_duvessa

Skill      XL: |  1  2  3  4  5 |
---------------+----------------+-----
Fighting       | 4 5 6 |  6.0
Maces & Flails | 1 2 3 5 |  5.5
Long Blades    | |  2.4
Armour         | |  2.4
Dodging        | |  1.1
Invocations    | |  1.7

Action                   |  1- 3 |  4- 6 || total
-------------------------+-------+-------++-------
Melee: Falchion          |    27 |       ||    27
       Headbutt          |     9 |    14 ||    23
       Whip              |    52 |    95 ||   147
Invok: Depart the Abyss  |     1 |       ||     1
  Use: Potion            |       |     1 ||     1
Armor: Leather armour    |    28 |    13 ||    41
Dodge: Dodged            |    53 |    48 ||   101
       Rpst.: Falchion   |     3 |       ||     3
